 Dungeon Crawl Stone Soup version 0.17-a0-1635-gd4e48f1 (webtiles) character file.

1012 KINGKRU the Covert (level 8, -3/46 HPs)
             Began as a Kobold Assassin on Aug 5, 2015.
             Was a Believer of Dithmenos.
             Shot with an arrow by a centaur (8 damage)
             ... on level 6 of the Dungeon.
             The game lasted 00:48:33 (5866 turns).

KINGKRU the Covert (Kobold Assassin)                Turns: 5866, Time: 00:48:33

Health: -3/46      AC:  3    Str: 10    XL:     8   Next: 45%
Magic:  11/11      EV: 19    Int:  9    God:    Dithmenos [**....]
Gold:   248        SH:  0    Dex: 19    Spells: 1 memorised, 9 levels left

rFire  . . .     SeeInvis .     a - +3 dagger
rCold  . . .     Clarity  .     c - +0 robe
rNeg   . . .     SustAt   .     (shield restricted)
rPois  .         Gourm    .     (no helmet)
rElec  .         Spirit   .     d - +0 cloak
rCorr  .         Warding  .     (no gloves)
rMut   .         Stasis   .     (no boots)
MR     .....                    (no amulet)
Stlth  ++++++....               (no ring)
                                (no ring)

@: wreathed by umbra, not resistant to hostile enchantments, very stealthy
A: carnivore 3
a: Shadow Step, Renounce Religion


You were on level 6 of the Dungeon.
You worshipped Dithmenos.
Dithmenos was pleased with you.
You were not hungry.

You visited 2 branches of the dungeon, and saw 8 of its levels.

You collected 248 gold pieces.

Inventory:

Hand weapons
 a - a +3 dagger (weapon)
 b - a +0 blowgun
 q - a +0 shortbow
Missiles
 e - 24 poisoned needles (quivered)
 f - 2 curare-tipped needles
 i - 3 javelins of penetration
 r - 4 arrows of flame
Armour
 c - a +0 robe (worn)
 d - a +0 cloak (worn)
Magical devices
 g - a wand of random effects (13)
 n - a wand of digging (9)
 s - a wand of flame (31)
Scrolls
 j - 4 scrolls of identify
 p - 3 scrolls of remove curse
Potions
 m - 3 potions of magic
 o - a potion of flight {unknown}
Books
 k - a book of Dreams

   Spells                             Type                      Level
   a - Ensorcelled Hibernation        Hexes/Ice                    2
   b - Phase Shift                    Translocation                5
   c - Shadow Creatures               Summoning                    5
   d - Silence                        Hexes/Air                    5
   e - Darkness                       Hexes                        6
   f - Mass Confusion                 Hexes                        6
 l - a book of Annihilations

   Spells                             Type                      Level
   a - Poison Arrow                   Conjuration/Poison           6
   b - Chain Lightning                Conjuration/Air              8
   c - Lehudib's Crystal Spear        Conjuration/Earth            8
   d - Glaciate                       Conjuration/Ice              9
   e - Fire Storm                     Conjuration/Fire             9


   Skills:
 + Level 3.5 Fighting
 + Level 3.8 Short Blades
 + Level 4.7 Throwing
 + Level 5.9 Dodging
 + Level 9.3 Stealth
 * Level 2.3 Spellcasting
 + Level 0.4 Hexes
 + Level 0.8 Ice Magic
 + Level 0.5 Evocations


You had 9 spell levels left.
You knew the following spells:

 Your Spells              Type           Power        Failure   Level  Hunger
a - Ensorcelled Hibernat  Hex/Ice        #.....       38%         2    ###....


Dungeon Overview and Level Annotations

Branches:
Dungeon (7/15)             Temple (1/1) D:5

Altars:
Ashenzari
Dithmenos
Nemelex Xobeh
Qazlal

Shops:
D:6 [*


Innate Abilities, Weirdness & Mutations

You are small and have problems with some larger weapons.
You are carnivorous and can eat meat at any time.


Message History

You hit the orc.
You kill the orc!
Dithmenos accepts your kill.
You hit the orc priest.
The orc priest is lightly wounded.
The orc priest calls down the wrath of Beogh upon you.
Pain shoots through your body!
* * * LOW HITPOINT WARNING * * *
The orc hits you from afar with a trident.
* * * LOW HITPOINT WARNING * * *
The orc priest barely misses you.
You climb upwards.
The centaur shoots an arrow.
The arrow misses you.
There is a stone staircase leading down, spattered with blood here.
Things that are here:
2 arrows; a giant club; an ogre corpse Read which item? (? for menu, Esc to quit)
As you read the scroll of fog, it crumbles to dust.
The scroll dissolves into smoke.
The centaur shoots an arrow.
The arrow hits you!
You die...

*,,,,**** #..........# ## *,,,**
###.##.#############. *,*,,*
##..*#........##...O. *,**,**
#..###............... ,,**,,***
#....#........#......
,****,,,**###.∩...........#......
,* ***,.##....(§#........#......
,* *#......(§§o....[.......... ,*
***###.#...§@§........#...... ,*
*,,,#.....§§§§............#.. ,**
*,,.....#.§...§..c...#####...
,,***,,..........#.#.#.### *....
,,,,*,*..##........#.#.## *....
,,*,,∩,..*#.##.......#..# #....
,****,*,,.....#.#...###.######...
*****,,,###.#...................,
***,,,,,,..,###.#...##..........*


You could see a centaur and an orc priest.

Vanquished Creatures
  An ice beast (D:6)
  A black bear (D:6)
  A centaur (D:5)
  An ogre (D:6)
  A giant frog (D:6)
  2 scorpions
  2 hounds
  3 crimson imps (D:5)
  A giant frog zombie (D:5)
  An orc priest (D:4)
  A jelly (D:5)
  5 worker ants
  4 adders
  An ooze (D:5)
  2 adder skeletons (D:4)
  An adder zombie (D:5)
  A worm (D:2)
  A giant gecko (D:3)
  10 orcs
  4 giant cockroaches
  4 goblins
  8 hobgoblins
  2 ball pythons
  4 bats
  2 giant gecko skeletons
  A giant gecko zombie (D:5)
  3 giant newts
  4 jackals (D:5)
  A jackal skeleton (D:4)
  5 kobolds
  4 quokkas
  2 quokka skeletons
  7 rats
91 creatures vanquished.

Notes
Turn   | Place    | Note
--------------------------------------------------------------
     0 | D:1      | KINGKRU the Kobold Assassin began the quest for the Orb.
     0 | D:1      | Reached XP level 1. HP: 12/12 MP: 1/1
   230 | D:1      | Reached XP level 2. HP: 17/17 MP: 2/2
   281 | D:1      | Reached skill level 6 in Stealth
   731 | D:2      | Found a faded altar to an unknown god.
   741 | D:2      | Reached XP level 3. HP: 21/21 MP: 3/3
   757 | D:2      | Became a worshipper of Dithmenos the Shadowed
  1610 | D:3      | Learned a level 2 spell: Ensorcelled Hibernation
  1876 | D:3      | Reached XP level 4. HP: 26/26 MP: 4/4
  1947 | D:3      | Found a sparkling altar of Nemelex Xobeh.
  2009 | D:3      | Reached skill level 7 in Stealth
  2983 | D:4      | Reached XP level 5. HP: 25/31 MP: 5/5
  3193 | D:4      | Reached skill level 8 in Stealth
  3226 | D:4      | Reached XP level 6. HP: 32/36 MP: 6/6
  4024 | D:5      | Entered Level 5 of the Dungeon
  4025 | D:5      | Acquired Dithmenos's first power
  4174 | D:5      | Found a shadowy altar of Dithmenos.
  4201 | D:5      | Reached XP level 7. HP: 25/40 MP: 7/7
  4351 | D:5      | Found a staircase to the Ecumenical Temple.
  4447 | Temple   | Entered the Ecumenical Temple
  4837 | D:5      | Reached skill level 9 in Stealth
  4837 | D:5      | Reached skill level 1 in Spellcasting
  5428 | D:6      | Reached skill level 5 in Dodging
  5428 | D:6      | Reached XP level 8. HP: 30/46 MP: 10/10
  5576 | D:6      | Found Veacrar's Antique Armour Shoppe.
  5661 | D:6      | Found Sitautu's Assorted Antiques.
  5866 | D:6      | Shot with an arrow by a centaur

Vault maps used:
D:1:      lemuel_arrival_river_bridge, minmay_misc_feat_alley
D:2:      ecumenical_altar_1
D:3:      lemuel_coloured_pillars_altar, okawaru_altar_gauntlet_db, first_bread,
          nemelex_diamond_rough_becter
D:5:      grunt_dithmenos_smoke_and_mirrors, temple_green, basic_altar,
          hangedman_abyss_or_decor_stagger, uniq_sigmund
D:6:      serial_shops, nicolae_shop_crystal, kennysheep_mini_moat,
          nicolae_shop_overgrown_old_shop, shop
D:7:      lemuel_doored_altar, xom_butterflies, kennysheep_mini, serial_shops,
          kennysheep_little_box
Temple:   roderic_octagonal_lattice_temple

Action                   |  1- 3 |  4- 6 |  7- 9 || total
-------------------------+-------+-------+-------++-------
Melee: Dagger            |    26 |   102 |   265 ||   393
 Fire: Blowgun           |    42 |    26 |     7 ||    75
 Cast: Ensorcelled Hiber |       |     2 |     1 ||     3
Evoke: Wand              |       |     2 |     3 ||     5
  Use: Scroll            |     4 |     4 |     2 ||    10
       Potion            |     4 |     2 |     1 ||     7
 Stab: Sleeping          |    19 |    15 |     5 ||    39
  Eat: Meat ration       |     1 |     1 |       ||     2
       Pizza             |       |       |     1 ||     1
       Beef jerky        |       |       |     1 ||     1
